 Dungeon Crawl Stone Soup version 0.26-a0-546-g3c2127501a (webtiles) character file.

Game seed: 15970660562262271011

(classic levelgen) 93 EnegeticOcto the Sneak (level 4, 0/24 HPs)
             Began as a Vampire Enchanter on Aug 19, 2020.
             Slain by Menkaure (8 damage)
             ... on level 4 of the Dungeon.
             The game lasted 00:04:03 (468 turns).

EnegeticOcto the Sneak (Vampire Enchanter)           Turns: 468, Time: 00:04:03

Health: 0/24       AC:  2    Str:  7    XL:     4   Next: 37%
Magic:  5/7        EV: 13    Int: 17    God:
Gold:   95         SH:  0    Dex: 15    Spells: 1/7 levels left

rFire    . . .     SeeInvis +   a - +1 dagger
rCold    + + .     Faith    .   (no shield)
rNeg     + + +     Spirit   .   b - +0 robe
rPois    ∞         Reflect  .   (no helmet)
rElec    .         Harm     .   (no cloak)
rCorr    .                      (no gloves)
MR       .....                  (no boots)
Stlth    +++++.....             g - amulet of magic regeneration
HPRegen  0.00/turn              (no ring)
MPRegen  0.35/turn              (no ring)

@: bloodless
A: fangs 3, see invisible, unbreathing
a: Bat Form, Revivify


You were on level 4 of the Dungeon.
You visited 1 branch of the dungeon, and saw 4 of its levels.

You collected 95 gold pieces.

Inventory:

Hand Weapons
 a - a +1 dagger (weapon)
Missiles
 h - 22 stones (quivered)
Armour
 b - a +0 robe (worn)
Jewellery
 g - an amulet of magic regeneration (around neck)
Scrolls
 d - 3 scrolls of identify {unknown}
 e - 3 scrolls of teleportation {unknown}
 f - a scroll of random uselessness {unknown}
Potions
 c - a potion of curing {unknown}


   Skills:
 + Level 2.2 Short Blades
 - Level 2.1 Dodging
 * Level 6.1 Stealth
 - Level 2.0 Spellcasting
 * Level 5.9 Hexes


You had one spell level left.
You knew the following spells:

 Your Spells              Type           Power        Failure   Level
a - Corona                Hex            ###....      1%          1
b - Ensorcelled Hibernat  Hex/Ice        ##....       9%          2
c - Confusing Touch       Hex            ###.....     4%          3

Your spell library contained the following spells:

 Spells                   Type           Power        Failure   Level
 Tukima's Dance           Hex            ###.....     4%          3
 Dazzling Flash           Conj/Hex       ##....       17%         3


Dungeon Overview and Level Annotations

Branches:
Dungeon (4/15)
 Temple: D:4-7

Altars:
Gozag

Annotations:
D:4 Menkaure


Innate Abilities, Weirdness & Mutations

You do not regenerate when monsters are visible.
You are frail without blood (-20% HP).
You can heal yourself when you bite living creatures.
You are immune to poison.
You have razor-sharp teeth.
You have supernaturally acute eyesight. (SInv)
You can survive without breathing.


Message History

There is a stone staircase leading up here.
Found 15 gold pieces.
Found a stone staircase leading down.
Found 15 bolts.
You now have 95 gold pieces (gained 15).
There is a stone staircase leading down here.
You climb downwards.
A scorpion comes into view.
Found a chain mail and a scroll labeled ERUKHEMPUNAE.
Found an escape hatch in the floor.
There is a stone staircase leading up here.
Menkaure, Prince of Dust comes into view.
The scorpion misses you.
Casting: Ensorcelled Hibernation (safe; 10% risk of failure)
Confirm with . or Enter, or press ? or * to list all spells.
Aiming: Ensorcelled Hibernation (safe; 10% risk of failure)
Press: ? - help, Shift-Dir - straight line, f - scorpion
Aim: a scorpion (chance to defeat MR: 41%)
The scorpion resists with some effort.
The scorpion stings you.
Casting: Ensorcelled Hibernation (safe; 10% risk of failure)
Confirm with . or Enter, or press ? or * to list all spells.
Aiming: Ensorcelled Hibernation (safe; 10% risk of failure)
Press: ? - help, Shift-Dir - straight line, f/p - scorpion
Aim: a scorpion (chance to defeat MR: 41%)
The scorpion resists with some effort.
The scorpion completely misses you.
Casting: Ensorcelled Hibernation (safe; 10% risk of failure)
Confirm with . or Enter, or press ? or * to list all spells.
Aiming: Ensorcelled Hibernation (safe; 10% risk of failure)
Press: ? - help, Shift-Dir - straight line, f/p - scorpion
Aim: a scorpion (chance to defeat MR: 41%)
The scorpion resists with some effort.
The scorpion misses you.
There is a stone staircase leading up here.
The scorpion stings you but does no damage.
You climb upwards.
There is a stone staircase leading down here.
Casting: Ensorcelled Hibernation (safe; 10% risk of failure)
Confirm with . or Enter, or press ? or * to list all spells.
Aiming: Ensorcelled Hibernation (safe; 10% risk of failure)
Press: ? - help, Shift-Dir - straight line, f - scorpion
Aim: a scorpion (chance to defeat MR: 41%)
The scorpion resists with some effort.
The scorpion stings you. The scorpion stings you.
The scorpion closely misses you.
Casting: Ensorcelled Hibernation (safe; 10% risk of failure)
Confirm with . or Enter, or press ? or * to list all spells.
Aiming: Ensorcelled Hibernation (safe; 10% risk of failure)
Press: ? - help, Shift-Dir - straight line, f/p - scorpion
Aim: a scorpion (chance to defeat MR: 41%)
The scorpion resists with some effort.
The scorpion barely misses you.
Casting: Ensorcelled Hibernation (safe; 10% risk of failure)
Confirm with . or Enter, or press ? or * to list all spells.
Aiming: Ensorcelled Hibernation (safe; 10% risk of failure)
Press: ? - help, Shift-Dir - straight line, f/p - scorpion
Aim: a scorpion (chance to defeat MR: 41%)
You miscast Ensorcelled Hibernation.
You are very lightly contaminated with residual magic.
Nothing appears to happen.
The scorpion barely misses you.
Casting: Ensorcelled Hibernation (safe; 10% risk of failure)
Confirm with . or Enter, or press ? or * to list all spells.
Aiming: Ensorcelled Hibernation (safe; 10% risk of failure)
Press: ? - help, Shift-Dir - straight line, f/p - scorpion
Aim: a scorpion (chance to defeat MR: 41%)
The scorpion looks drowsy...
The helpless scorpion fails to defend itself.
You impale the scorpion!!
You kill the scorpion!
Your Short Blades skill increases to level 2!
Your Stealth skill increases to level 6!
You have reached level 4!
Your magical contamination has completely faded away.
You see here a scorpion corpse.
There is a stone staircase leading down here.
You climb downwards.
Level annotation: Menkaure
There is a stone staircase leading up here.
This spell is quite dangerous to cast!
Memorise Confusing Touch, consuming 3 spell levels and leaving 1?
You start memorising the spell.
You continue memorising. x3
You finish memorising.
Spell assigned to 'c'.
There is a stone staircase leading up here.
Found 21 stones.
Found a stone staircase leading up.
Found a black potion.
Menkaure shouts!
Menkaure casts a spell.
Menkaure seems to speed up.
Found 4 gold pieces.
You see here a scroll labeled ERUKHEMPUNAE.
Casting: Ensorcelled Hibernation (safe; 9% risk of failure)
Confirm with . or Enter, or press ? or * to list all spells.
The spell is quite dangerous to cast (4% risk of failure)!
Continue anyway?
Your hands begin to glow red.
An ooze comes into view.
The ooze quivers.
You hit Menkaure but do no damage.
Menkaure appears confused.
Menkaure hits you!
You strike the helpless Menkaure from behind!
You puncture Menkaure!
Menkaure is severely damaged.
Menkaure hits you!
You die...

......#.. ....#
.......# ...#
....##.###...# (.
#..#.<.#...###. ..##
##..............
....###...........!...
#....>......#.........
...........##.?.......
...##......#.@.....J..
........##....M.......
...###...#............
...#.......#..........
...........###...###..
.........<.# ..... $
...#.......# 8...8.
...##...............
#..............⌠


You could see Menkaure (fast, confused) and an ooze.

Vanquished Creatures
  A scorpion (D:3)
  2 adders (D:2)
  A dart slug (D:1)
  3 bats
  2 giant cockroaches (D:1)
  2 goblins
  A hobgoblin (D:2)
  2 kobolds (D:2)
  A quokka (D:3)
  A frilled lizard (D:2)
  4 rats
20 creatures vanquished.

Notes
Turn   | Place    | Note
-------+----------+-------------------------------------------
     0 | D:1      | EnegeticOcto the Vampire Enchanter began the quest for the
                  | Orb.
     0 | D:1      | Reached XP level 1. HP: 13/13 MP: 3/3
   163 | D:1      | Reached XP level 2. HP: 12/15 MP: 3/5
   222 | D:2      | Learned a level 2 spell: Ensorcelled Hibernation
   238 | D:2      | Reached skill level 5 in Stealth
   238 | D:2      | Reached skill level 5 in Hexes
   242 | D:2      | Reached XP level 3. HP: 19/19 MP: 6/6
   321 | D:2      | Found an opulent altar of Gozag.
   401 | D:4      | Noticed a scorpion
   403 | D:4      | Noticed Menkaure
   429 | D:3      | Killed a scorpion
   429 | D:3      | Reached skill level 2 in Short Blades
   429 | D:3      | Reached skill level 6 in Stealth
   429 | D:3      | Reached XP level 4. HP: 15/24 MP: 0/7
   450 | D:4      | Learned a level 3 spell: Confusing Touch
   468 | D:4      | Slain by Menkaure

Illustrated notes

Levels and vault maps discovered:
D:1:      lemuel_arrival_tunnels, layout_rooms
D:2:      layout_loops_cross, grunt_gozag_breadcrumbs, lightli_temple_of_fire,
          corexii_shack
D:3:      layout_rooms, chequers_serial_rivers_marsh, uniq_jessica
D:4:      layout_cave_pools, fedhas_bush_and_centaur_altar,
          nicolae_overflow_hidden_temple, old_standard_altar,
          kennysheep_mini_moat, wad_floor_pattern_untrapped, kennysheep_path_1,
          uniq_menkaure

Skill      XL: |  1  2  3 |
---------------+----------+-----
Stealth        | 5 6 |  6.1
Hexes          | 5 |  5.9
Short Blades   | 2 |  2.2
Dodging        | |  2.1
Spellcasting   | |  2.0

Action                   |  1- 3 |  4- 6 || total
-------------------------+-------+-------++-------
Melee: Dagger            |    29 |     2 ||    31
       Bite              |     2 |       ||     2
 Cast: Corona            |     1 |       ||     1
       Ensorcelled Hiber |    13 |       ||    13
       Confusing Touch   |       |     1 ||     1
 Abil: Exsanguinate      |     1 |       ||     1
  Use: Scroll            |     1 |       ||     1
 Stab: Sleeping          |    18 |       ||    18
       Confused          |       |     1 ||     1
Armor: Robe              |     4 |       ||     4
Dodge: Dodged            |    14 |       ||    14

Table legend: (Time is in decaauts)
 A = Elapsed time spent in this place.
 B = Non-inter-level travel time spent in this place.
 C = Inter-level travel time spent in this place.
 D = Time resting spent in this place.
 E = Time spent auto-exploring this place.
 F = Levels seen in this place.
 G = Mean time per level.
                   A        B        C        D        E       F      G
               +--------+--------+--------+--------+--------+-----+--------+
         Total |    467 |    467 |      0 |      0 |      0 |   4 |  116.8 |
       Dungeon |    467 |    467 |      0 |      0 |      0 |   4 |  116.8 |
               +--------+--------+--------+--------+--------+-----+--------+

Top non-repeatable levels by time:
     D:1: 205 daAuts
     D:2: 138 daAuts
     D:3: 90 daAuts
     D:4: 33 daAuts
